 Dungeon Crawl Stone Soup version 0.19.1 (webtiles) character file.

502 kae the Grave Robber (level 6, -1/41 HPs)
             Began as a Demonspawn Necromancer on Dec 21, 2016.
             Slain by a worker ant (8 damage)
             ... on level 4 of the Dungeon.
             The game lasted 00:07:28 (4241 turns).

kae the Grave Robber (Demonspawn Necromancer)       Turns: 4241, Time: 00:07:29

Health: -1/41      AC:  6    Str:  8    XL:     6   Next: 95%
Magic:  11/12      EV: 12    Int: 19    God:
Gold:   260        SH:  0    Dex: 13    Spells: 4 memorised, 4 levels left

rFire  . . .     SeeInvis +     f - +1 short sword
rCold  + . .     Gourm    .     u - +2 robe {rC+}
rNeg   . . .     Faith    .     (no shield)
rPois  .         Spirit   .     (no helmet)
rElec  .         Reflect  .     k - +1 cloak
rCorr  .         Harm     .     (no gloves)
MR     .....                    (no boots)
Stlth  ++........               e - amulet of regeneration
                                (no ring)
                                h - ring of see invisible

@: no status effects
A: claws 2, hooves 1, rot immunity
a: no special abilities


You were on level 4 of the Dungeon.
You were not hungry.

You visited 1 branch of the dungeon, and saw 4 of its levels.

You collected 260 gold pieces.

Inventory:

Hand Weapons
 f - a +1 short sword (weapon)
Armour
 a - a +0 robe
 k - a +1 cloak (worn)
 u - a +2 robe of cold resistance (worn)
Jewellery
 e - an amulet of regeneration (around neck)
 h - a ring of see invisible (left claw)
 s - an uncursed amulet of the gourmand
Scrolls
 l - 2 scrolls of enchant armour
 m - a scroll of identify
 o - 2 scrolls of random uselessness
Potions
 d - a potion of flight
 g - 2 potions of curing
 i - 2 potions of lignification {unknown}
 j - a potion of mutation
 q - a potion of cancellation {unknown}
 r - a potion of heal wounds
Books
 b - a book of Necromancy

   Spells                             Type                      Level
   a - Pain                           Necromancy                   1
   b - Animate Skeleton               Necromancy                   1
   c - Vampiric Draining              Necromancy                   3
   d - Regeneration                   Charms/Necromancy            3
   e - Animate Dead                   Necromancy                   4
   f - Control Undead                 Necromancy                   4
Comestibles
 c - 3 bread rations
 n - a slice of pizza
 p - a meat ration
 t - a beef jerky
 v - 3 chunks of flesh


   Skills:
 - Level 1.7 Dodging
 - Level 1.7 Stealth
 + Level 4.2 Spellcasting
 * Level 7.9 Necromancy


You had 4 spell levels left.
You knew the following spells:

 Your Spells              Type           Power        Failure   Level  Hunger
a - Pain                  Necr           ####         1%          1    None
b - Animate Skeleton      Necr           N/A          1%          1    None
c - Vampiric Draining     Necr           ####......   1%          3    ###....
d - Control Undead        Necr           ####......   6%          4    ####...


Dungeon Overview and Level Annotations

Branches:
Dungeon (4/15)
 Temple: D:4-7

Altars:
Elyvilon
Gozag
Makhleb
Xom
Zin


Innate Abilities, Weirdness & Mutations

You have very sharp fingernails.
You have large cloven feet.
You are immune to rotting.


Message History

The phantom blinks!
Something hits Blork.
The phantom hits Blork.
The phantom blinks!
Blork hits the phantom with a flail.
The phantom blinks!
A worker ant comes into view.
The worker ant barely misses you. The worker ant closely misses you.
The worker ant bites you.
* * * LOW HITPOINT WARNING * * *
The worker ant bites you.
* * * LOW HITPOINT WARNING * * *
You see here a robe.
Casting: Animate Skeleton
Confirm with . or Enter, or press ? or * to list all spells.
Aiming: Pain
Press: ? - help, Shift-Dir - straight line, f - worker ant
Aim: a worker ant (chance to defeat MR: 89%)
The worker ant writhes in agony!
The worker ant bites you!
You die...

###.#### ###.#.#>...# .......#
#.....###..#
.##.##.###...###.####...##
#.##Z##..[ #.# #.....#
#..#.##..#####.# ##...##
##.#.#.......#.# ##.##
.###.#.#.........# #.#######
.......#..####.#######....<..#
####.###..#..W.a@............####
..........Z.##.#######..####.....
###.####..####.# #..#........
###.####.......# #..#.##...[.
.......#####...# #..# #.####
.##.##.# #...# #... ...# #.# #
#...# ##...#### #.# #...# . ...
#...#


You could see a phantom, a worker ant and the friendly Blork the orc skeleton.

Vanquished Creatures
  Blork the orc (D:4)
  A scorpion (D:4)
  A gnoll shaman (D:4)
  An orc priest (D:3)
  Ijyb (D:3)
  2 orc wizards (D:3)
  2 worker ants (D:4)
  Robin (D:3)
  2 gnolls (D:4)
  6 adders (D:3)
  An ooze (D:2)
  An adder skeleton (D:4)
  3 worms
  2 dart slugs (D:1)
  4 leopard geckos
  9 orcs (D:3)
  7 bats
  4 giant cockroaches
  15 goblins
  8 hobgoblins
  3 jackals
  6 kobolds
  A quokka (D:4)
  A ball python (D:1)
  2 frilled lizards
  2 rats
87 creatures vanquished.

Notes
Turn   | Place    | Note
-------+----------+-------------------------------------------
     0 | D:1      | kae the Demonspawn Necromancer began the quest for the Orb.
     0 | D:1      | Reached XP level 1. HP: 13/13 MP: 3/3
   296 | D:1      | Gained mutation: You are immune to rotting. [demonic ancestry]
   296 | D:1      | Reached XP level 2. HP: 18/19 MP: 3/5
   433 | D:1      | Reached skill level 5 in Necromancy
   889 | D:1      | Gained mutation: You have large cloven feet. [demonic ancestry]
   889 | D:1      | Reached XP level 3. HP: 23/24 MP: 2/6
   948 | D:2      | You fall through a shaft!
  1563 | D:3      | Gained mutation: You have sharp fingernails. [demonic ancestry]
  1563 | D:3      | Reached XP level 4. HP: 27/30 MP: 3/8
  1591 | D:3      | Reached skill level 6 in Necromancy
  2294 | D:2      | Found a burning altar of Makhleb.
  2296 | D:2      | Found a glowing silver altar of Zin.
  2296 | D:2      | Noticed an angel
  2297 | D:2      | Noticed a green death
  2336 | D:2      | Reached XP level 5. HP: 33/35 MP: 5/9
  2761 | D:3      | Noticed Ijyb
  2982 | D:3      | Noticed Robin
  3018 | D:3      | Killed Robin
  3157 | D:3      | Killed Ijyb
  3309 | D:3      | Reached skill level 7 in Necromancy
  3377 | D:3      | Gained mutation: You have very sharp fingernails. [demonic ancestry]
  3377 | D:3      | Reached XP level 6. HP: 37/41 MP: 7/11
  3589 | D:3      | Found a faded altar of an unknown god.
  3589 | D:3      | Found a faded altar of an unknown god.
  3594 | D:3      | Found a white marble altar of Elyvilon.
  3596 | D:3      | Found a faded altar of an unknown god.
  3599 | D:3      | Found a faded altar of an unknown god.
  3737 | D:4      | Found a shimmering altar of Xom.
  3792 | D:4      | Learned a level 1 spell: Animate Skeleton
  3796 | D:4      | Learned a level 3 spell: Vampiric Draining
  3801 | D:4      | Learned a level 4 spell: Control Undead
  4017 | D:4      | Found an opulent altar of Gozag.
  4081 | D:4      | Noticed Blork the orc
  4106 | D:4      | Killed Blork the orc
  4241 | D:4      | Slain by a worker ant

Skill      XL: |  1  2  3  4  5  6 |
---------------+-------------------+-----
Necromancy     | 5 6 7 |  7.9
Spellcasting   | 3 4 |  4.2
Dodging        | |  1.7
Stealth        | |  1.7

Action                   |  1- 3 |  4- 6 || total
-------------------------+-------+-------++-------
Melee: Short sword       |    34 |    62 ||    96
       Kick              |     6 |    10 ||    16
 Cast: Pain              |    60 |   137 ||   197
       Animate Skeleton  |       |     1 ||     1
  Use: Scroll            |       |    11 ||    11
       Potion            |       |     2 ||     2
 Stab: Sleeping          |     2 |       ||     2
  Eat: Chunk             |     2 |     9 ||    11
Armor: Robe              |    27 |    26 ||    53
Dodge: Dodged            |    49 |    44 ||    93
